 Dungeon Crawl Stone Soup version 0.22.0 (webtiles) character file.

169 FreshCat the Slinger (level 5, -2/34 HPs)
             Began as a Halfling Hunter on Aug 11, 2018.
             Killed by divine providence
             ... invoked by an orc priest
              (14 damage)
             ... on level 3 of the Dungeon.
             The game lasted 00:15:29 (2487 turns).

FreshCat the Slinger (Halfling Hunter)              Turns: 2487, Time: 00:15:30

Health: -2/34      AC:  4    Str: 13    XL:     5   Next: 79%
Magic:  5/5        EV: 14    Int: 10    God:
Gold:   94         SH:  0    Dex: 15    Spells: 4/4 levels left

rFire    . . .     SeeInvis .   a - +1 hunting sling
rCold    . . .     Gourm    .   (shield restricted)
rNeg     . . .     Faith    .   c - +0 leather armour
rPois    .         Spirit   .   (no helmet)
rElec    .         Reflect  .   (no cloak)
rCorr    .         Harm     .   e - +0 pair of gloves
MR       .....                  (no boots)
Stlth    ++........             (no amulet)
HPRegen  0.11/turn              (no ring)
MPRegen  0.09/turn              (no ring)

@: no status effects
A: small, mutation resistance 1
a: no special abilities


You were on level 3 of the Dungeon.
You were not hungry.

You visited 1 branch of the dungeon, and saw 4 of its levels.

You collected 94 gold pieces.

Inventory:

Hand Weapons
 a - a +1 hunting sling (weapon)
 b - a +0 short sword
Missiles
 d - 31 sling bullets (quivered)
 g - 149 stones
Armour
 c - a +0 leather armour (worn)
 e - a +0 pair of gloves (worn)
Jewellery
 l - an uncursed amulet of magic regeneration {unknown}
Wands
 i - a wand of disintegration (6)
 p - a wand of iceblast (8)
Scrolls
 m - 3 scrolls of identify
 n - a scroll of remove curse
 o - 4 scrolls of enchant weapon
Comestibles
 f - 8 rations
 h - 8 chunks of flesh


   Skills:
 + Level 2.2 Fighting
 + Level 8.4 Slings
 + Level 2.0 Armour
 + Level 2.2 Dodging
 * Level 2.1 Stealth


You had 4 spell levels left.
You didn't know any spells.
Your spell library was empty.

Dungeon Overview and Level Annotations

Branches:
Dungeon (4/15)
 Temple: D:4-7

Altars:
Gozag
Nemelex Xobeh
Zin

Shops:
D:4 *


Innate Abilities, Weirdness & Mutations

You are small and have problems with some larger weapons.
You are somewhat resistant to further mutation.


Message History

Press: ? - help, Shift-Dir - straight line, f - orc
Aim: an orc, wielding a falchion and wearing a chain mail You shoot a sling bullet.
The sling bullet hits the orc but does no damage.
The orc hits you with a falchion.
* * * LOW HITPOINT WARNING * * *
It was a potion of cancellation.
You feel magically purged. The orc misses you.
It was a potion of ambrosia.
You are confused.
You feel invigorated. The orc closely misses you.
Firing (i - inventory. (/) - cycle)
d - 32 sling bullets (quivered)
Press: ? - help, Shift-Dir - straight line, f/p - orc
Aim: an orc, wielding a falchion and wearing a chain mail You shoot a sling bullet.
You bump into the rock wall.
You feel less invigorated.
You feel less confused. The orc hits you with a falchion.
The orc priest calls down the wrath of Beogh upon you.
Beogh smites you!
You die...

#.... ..# .).# ... #.... ...#
...###.... #####..... ....
.......... .......##((..#
#.........
##......#.[..#######.........
#............!.....#.........
#.......########...........##
#.....>o(o.o@....†...........
#......[#######........#####
#.......# #.)......####
#.......#######.#######...###
##..............# #........
###............# #....).#.
#............# #.......#
#............# #....#...
#.........##.#####.....#..


You could see an orc priest and 2 orcs.

Vanquished Creatures
  Ijyb (D:3)
  3 gnolls (D:2)
  5 adders
  A howler monkey skeleton (D:4)
  An ooze (D:3)
  2 worms
  A dart slug (D:1)
  2 leopard geckos
  3 orcs (D:3)
  2 giant cockroaches (D:2)
  3 goblins
  5 hobgoblins
  5 jackals
  2 kobolds
  4 bats
  6 frilled lizards
  3 rats
49 creatures vanquished.

Notes
Turn   | Place    | Note
-------+----------+-------------------------------------------
     0 | D:1      | FreshCat the Halfling Hunter began the quest for the Orb.
     0 | D:1      | Reached XP level 1. HP: 14/14 MP: 1/1
    85 | D:1      | Reached skill level 6 in Slings
   312 | D:1      | Reached XP level 2. HP: 19/19 MP: 2/2
   854 | D:2      | Found a sparkling altar of Nemelex Xobeh.
   939 | D:2      | Reached XP level 3. HP: 24/24 MP: 3/3
  1085 | D:2      | Reached skill level 7 in Slings
  1278 | D:2      | Found a glowing silver altar of Zin.
  1278 | D:2      | Found an opulent altar of Gozag.
  1392 | D:2      | Reached skill level 1 in Armour
  1392 | D:2      | Reached XP level 4. HP: 13/29 MP: 4/4
  2018 | D:3      | Reached XP level 5. HP: 34/34 MP: 5/5
  2313 | D:3      | Reached skill level 8 in Slings
  2327 | D:3      | Noticed Ijyb
  2338 | D:3      | Killed Ijyb
  2408 | D:4      | Found Cunla's Assorted Antiques.
  2480 | D:3      | HP: 1/34 [orc/falchion (3)]
  2487 | D:3      | Killed from afar by an orc priest

Skill      XL: |  1  2  3  4  5 |
---------------+----------------+-----
Slings         | 6 7 8 |  8.4
Fighting       | 2 |  2.2
Armour         | 1 2 |  2.0
Stealth        | 2 |  2.1
Dodging        | |  2.2

Action                   |  1- 3 |  4- 6 || total
-------------------------+-------+-------++-------
 Fire: Hunting sling     |    78 |    86 ||   164
  Use: Potion            |     9 |     4 ||    13
       Scroll            |     3 |     1 ||     4
  Eat: Chunk             |     1 |       ||     1
       Ration            |       |     1 ||     1
Armor: Leather armour    |     3 |     4 ||     7
Dodge: Dodged            |    22 |    16 ||    38
